AoeStats
← miguellinno

Nomad

503283317Analyzed
1v1 RM · 1mo ago on Aug 31, 2026· 47m 7s· 2 players
Game mode
Random Map
Map size
126×126
Population
200
Speed
Normal
Resources
Standard
Victory
Conquest
Starting age
Dark Age
Ending age
Imperial Age
RankedLock teamsTeams togetherTeam positionsShared explorationLock speedFull tech treeHidden civsTurbo modeCheats
Victory
Defeat
🇬🇧 Vietnamese · United Kingdom
456
+13
🇹🇷 Turks · Türkiye
396
-13
miguellinno
3:53 Loom
15:09 Feudal Age
15:30 Horse Collar
16:17 Town Watch
17:18 Double-Bit Axe
18:57 Wheelbarrow
19:05 Stone Mining
38:17 Town Watch
45:11 Castle Age
45:13 Crossbowman
45:59 Thumb Ring
xfakoo_
12:42 Loom
12:49 Loom
15:51 Feudal Age
17:14 Wheelbarrow
18:02 Gold Mining
18:02 Double-Bit Axe
18:24 Fishing Lines
21:28 Man-at-Arms
34:34 Castle Age
33:51 Bloodlines
38:04 Hand Cart
38:03 Bow Saw
Connection lost

Rejoining the realm…

Still unreachable

The connection could not be restored.

Session expired

The server has moved on; the page needs a fresh start.